[ PARTIDA AOE2 · #481243929 ]
Team RMDrávidas vs Persians
[ ANÁLISIS DE REPETICIÓN · EXTRAÍDO DE LA PARTIDA GRABADA ]
Feudal
16:14
Castillos
20:06
Imperial
—
| APM promedio | 21.1 |
| APM pico | 48 |
| eAPM promedio | 9.6 |
| Aldeanos / militares | 72 / 60 |
Foco
⚔️ 25.8% · 🌾 74.2%
Elephant Archer ×44 · Armored Elephant ×15 · Fishing Ship ×6 · Archer ×1
Feudal
16:28
Castillos
21:33
Imperial
—
| APM promedio | 27.8 |
| APM pico | 59 |
| eAPM promedio | 16.3 |
| Aldeanos / militares | 131 / 91 |
Foco
⚔️ 27.5% · 🌾 72.5%
Coustillier ×27 · Knight ×16 · Battering Ram ×16 · Fishing Ship ×11 · Fire Galley ×11 · Mangonel ×8
Feudal
15:20
Castillos
20:48
Imperial
—
| APM promedio | 19.1 |
| APM pico | 30 |
| eAPM promedio | 12.5 |
| Aldeanos / militares | 91 / 84 |
Foco
⚔️ 30.7% · 🌾 69.3%
Fire Galley ×32 · Spearman ×28 · Knight ×18 · Fishing Ship ×15 · Demolition Raft ×4 · Monk ×2
Feudal
11:54
Castillos
21:19
Imperial
47:01
| APM promedio | 44.2 |
| APM pico | 115 |
| eAPM promedio | 22.0 |
| Aldeanos / militares | 161 / 117 |
Foco
⚔️ 33.0% · 🌾 67.0%
Genoese Crossbowman ×62 · Fire Galley ×24 · Fishing Ship ×20 · Battering Ram ×14 · Knight ×10 · Galley ×6
Feudal
12:59
Castillos
19:10
Imperial
43:14
| APM promedio | 49.4 |
| APM pico | 79 |
| eAPM promedio | 26.3 |
| Aldeanos / militares | 134 / 149 |
Foco
⚔️ 24.6% · 🌾 75.4%
Knight ×112 · Fishing Ship ×19 · Fire Galley ×17 · Trebuchet (Packed) ×7 · War Elephant ×5 · Galley ×3
Feudal
13:58
Castillos
20:11
Imperial
—
| APM promedio | 31.3 |
| APM pico | 74 |
| eAPM promedio | 20.3 |
| Aldeanos / militares | 108 / 265 |
Foco
⚔️ 47.5% · 🌾 52.5%
Spearman ×161 · Eagle Scout ×101 · Fishing Ship ×18 · Archer ×3
Mapa de la partida
Recursos iniciales + cada clic de construcción. Líneas = muros · curvas = relieve. ◆ oro · ⬟ piedra · ● bayas · ✦ reliquia · ◌ hueco del cierre
Tu base· Abierta — flanco sin cerrar
Base de lestear· ✓ Cerrada en 21:33 · 11t muro · 1 puerta(s)
Base de [RZ]TEVOSS1234· Abierta — hueco de 2t
Base de Raduky· Abierta — hueco de 11t
Base de <Team Rocket> Heisenberg-88· Abierta — hueco de 8t
Base de [Rz] TK_puxa· Abierta — hueco de 5t
Terreno inicial suavizado · ◌ = hueco del cierre detectado · pasá el cursor para detalles
Inputs por minuto
— <Team Rocket> Marci - - lestear
Build order — <Team Rocket> Marci
Primeras 150 de 235 acciones detectadas
| 1:08 | Construir | Town Center |
| 2:31 | Construir | House |
| 3:08 | Construir | Dock |
| 3:21 | Crear | Villager (Male) |
| 3:22 | Crear | Villager (Male) |
| 3:22 | Crear | Villager (Male) |
| 3:22 | Crear | Villager (Male) |
| 3:22 | Crear | Villager (Male) |
| 4:32 | Crear | Villager (Male) |
| 4:32 | Crear | Villager (Male) |
| 5:10 | Crear | Villager (Male) |
| 5:10 | Crear | Villager (Male) |
| 5:16 | Construir | House |
| 5:20 | Crear | Villager (Male) |
| 6:09 | Crear | Villager (Male) |
| 6:36 | Crear | Villager (Male) |
| 6:49 | Crear | Villager (Male) |
| 7:21 | Crear | Fishing Ship |
| 7:27 | Crear | Villager (Male) |
| 7:31 | Construir | House |
| 7:37 | Crear | Villager (Male) |
| 7:56 | Crear | Villager (Male) |
| 8:04 | Investigar | Loom |
| 8:22 | Crear | Villager (Male) |
| 8:34 | Construir | House |
| 8:39 | Crear | Fishing Ship |
| 8:48 | Crear | Villager (Male) |
| 9:00 | Construir | House |
| 9:01 | Construir | House |
| 9:19 | Crear | Fishing Ship |
| 9:24 | Crear | Villager (Male) |
| 9:41 | Crear | Villager (Male) |
| 9:54 | Construir | House |
| 9:56 | Construir | House |
| 10:03 | Crear | Villager (Male) |
| 10:31 | Construir | Lumber Camp |
| 10:53 | Crear | Villager (Male) |
| 10:56 | Crear | Fishing Ship |
| 11:18 | Crear | Villager (Male) |
| 11:38 | Crear | Villager (Male) |
| 11:42 | Crear | Fishing Ship |
| 11:49 | Construir | House |
| 11:53 | Construir | House |
| 11:57 | Crear | Villager (Male) |
| 12:23 | Construir | Mill |
| 12:45 | Crear | Villager (Male) |
| 12:50 | Crear | Fishing Ship |
| 13:18 | Crear | Villager (Male) |
| 13:56 | Construir | Barracks |
| 14:04 | Investigar | Feudal Age |
| 14:15 | Construir | House |
| 16:14 | Edad | Edad Feudal |
| 16:21 | Construir | Archery Range |
| 16:31 | Construir | Blacksmith |
| 16:35 | Investigar | Double-Bit Axe |
| 16:56 | Crear | Villager (Male) |
| 17:03 | Construir | House |
| 17:12 | Construir | Gate |
| 17:26 | Investigar | Castle Age |
| 17:44 | Construir | Mining Camp |
| 17:50 | Investigar | Fletching |
| 17:51 | Investigar | Padded Archer Armor |
| 18:20 | Crear | Archer |
| 18:53 | Construir | Archery Range |
| 19:04 | Investigar | Gold Mining |
| 20:06 | Edad | Edad de los Castillos |
| 20:18 | Construir | Siege Workshop |
| 20:25 | Crear | Elephant Archer |
| 20:25 | Crear | Elephant Archer |
| 20:29 | Crear | Elephant Archer |
| 20:31 | Crear | Elephant Archer |
| 20:32 | Crear | Villager (Male) |
| 20:37 | Investigar | Wheelbarrow |
| 20:47 | Investigar | Bodkin Arrow |
| 20:54 | Crear | Villager (Male) |
| 21:04 | Crear | Elephant Archer |
| 21:18 | Crear | Armored Elephant |
| 21:39 | Construir | Town Center |
| 22:09 | Crear | Villager (Male) |
| 22:13 | Crear | Villager (Male) |
| 22:18 | Crear | Elephant Archer |
| 22:18 | Crear | Elephant Archer |
| 22:59 | Crear | Villager (Male) |
| 23:03 | Crear | Armored Elephant |
| 23:28 | Crear | Villager (Male) |
| 23:37 | Crear | Villager (Male) |
| 24:14 | Crear | Armored Elephant |
| 24:29 | Crear | Villager (Male) |
| 24:39 | Construir | Stable |
| 24:41 | Crear | Villager (Male) |
| 25:00 | Crear | Armored Elephant |
| 25:03 | Crear | Elephant Archer |
| 25:03 | Crear | Elephant Archer |
| 25:29 | Crear | Villager (Male) |
| 25:39 | Crear | Villager (Male) |
| 25:54 | Crear | Elephant Archer |
| 25:55 | Crear | Elephant Archer |
| 26:25 | Investigar | Leather Archer Armor |
| 26:44 | Crear | Elephant Archer |
| 26:44 | Crear | Elephant Archer |
| 27:05 | Crear | Armored Elephant |
| 27:06 | Crear | Villager (Male) |
| 27:13 | Investigar | Horse Collar |
| 27:49 | Crear | Villager (Male) |
| 27:57 | Construir | Farm |
| 27:58 | Construir | Farm |
| 27:58 | Construir | Farm |
| 27:59 | Construir | Farm |
| 28:00 | Construir | Farm |
| 28:00 | Construir | Farm |
| 28:01 | Construir | Farm |
| 28:01 | Construir | Farm |
| 28:03 | Construir | Farm |
| 28:05 | Construir | Farm |
| 28:06 | Construir | Farm |
| 28:06 | Construir | Farm |
| 28:08 | Construir | Farm |
| 28:10 | Construir | Farm |
| 29:13 | Investigar | Husbandry |
| 29:20 | Crear | Villager (Male) |
| 29:21 | Crear | Villager (Male) |
| 29:47 | Crear | Villager (Male) |
| 29:50 | Crear | Elephant Archer |
| 29:51 | Crear | Elephant Archer |
| 30:52 | Investigar | Thumb Ring |
| 30:53 | Crear | Elephant Archer |
| 30:54 | Crear | Elephant Archer |
| 31:33 | Construir | Lumber Camp |
| 32:19 | Crear | Elephant Archer |
| 32:20 | Crear | Elephant Archer |
| 32:22 | Crear | Elephant Archer |
| 32:24 | Crear | Villager (Male) |
| 32:25 | Crear | Villager (Male) |
| 32:25 | Crear | Villager (Male) |
| 33:07 | Crear | Elephant Archer |
| 33:08 | Crear | Elephant Archer |
| 33:19 | Construir | House |
| 33:19 | Construir | House |
| 33:20 | Construir | House |
| 33:20 | Construir | House |
| 33:20 | Construir | House |
| 33:21 | Construir | House |
| 33:21 | Construir | House |
| 33:22 | Construir | House |
| 33:22 | Construir | House |
| 33:23 | Construir | House |
| 33:27 | Investigar | Hand Cart |
| 33:58 | Crear | Elephant Archer |
| 34:15 | Investigar | Scale Barding Armor |
| 34:45 | Crear | Elephant Archer |
Build order — lestear
Primeras 150 de 354 acciones detectadas
| 0:16 | Construir | Town Center |
| 0:49 | Construir | Dock |
| 3:01 | Crear | Villager (Male) |
| 3:01 | Crear | Villager (Male) |
| 3:01 | Crear | Villager (Male) |
| 3:01 | Crear | Villager (Male) |
| 3:02 | Crear | Villager (Male) |
| 3:21 | Crear | Villager (Male) |
| 4:04 | Crear | Fishing Ship |
| 4:17 | Construir | House |
| 4:56 | Investigar | Loom |
| 5:20 | Crear | Villager (Male) |
| 5:20 | Crear | Villager (Male) |
| 5:34 | Crear | Fishing Ship |
| 5:46 | Crear | Villager (Male) |
| 5:46 | Crear | Villager (Male) |
| 5:54 | Crear | Villager (Male) |
| 5:55 | Crear | Villager (Male) |
| 6:06 | Construir | House |
| 6:43 | Crear | Fishing Ship |
| 6:52 | Crear | Villager (Male) |
| 6:52 | Crear | Villager (Male) |
| 7:00 | Crear | Villager (Male) |
| 7:01 | Crear | Villager (Male) |
| 7:42 | Construir | House |
| 7:47 | Crear | Villager (Male) |
| 7:47 | Crear | Villager (Male) |
| 7:47 | Crear | Villager (Male) |
| 7:54 | Construir | Lumber Camp |
| 8:27 | Crear | Villager (Male) |
| 8:27 | Crear | Villager (Male) |
| 8:46 | Crear | Fishing Ship |
| 9:15 | Crear | Villager (Male) |
| 9:15 | Crear | Villager (Male) |
| 9:15 | Crear | Villager (Male) |
| 9:16 | Crear | Villager (Male) |
| 9:16 | Crear | Villager (Male) |
| 9:31 | Construir | Dock |
| 9:49 | Crear | Fishing Ship |
| 9:50 | Crear | Villager (Male) |
| 9:50 | Crear | Villager (Male) |
| 10:08 | Crear | Villager (Male) |
| 10:08 | Crear | Villager (Male) |
| 10:09 | Crear | Villager (Male) |
| 10:16 | Construir | House |
| 10:32 | Crear | Villager (Male) |
| 10:34 | Crear | Fishing Ship |
| 10:44 | Construir | House |
| 11:01 | Investigar | Double-Bit Axe |
| 11:09 | Construir | Mill |
| 11:56 | Investigar | Tech 906 |
| 12:04 | Construir | House |
| 12:18 | Construir | House |
| 12:23 | Crear | Villager (Male) |
| 12:39 | Crear | Fishing Ship |
| 12:56 | Construir | Palisade Wall |
| 13:04 | Crear | Villager (Male) |
| 13:05 | Crear | Villager (Male) |
| 13:11 | Construir | Mining Camp |
| 13:20 | Crear | Fishing Ship |
| 13:36 | Construir | House |
| 14:18 | Investigar | Feudal Age |
| 14:42 | Construir | Dock |
| 15:08 | Investigar | Gold Mining |
| 15:24 | Construir | House |
| 15:27 | Construir | Palisade Wall |
| 15:50 | Crear | Fishing Ship |
| 15:50 | Crear | Fishing Ship |
| 15:56 | Construir | Barracks |
| 16:24 | Construir | Palisade Wall |
| 16:28 | Edad | Edad Feudal |
| 16:38 | Construir | Blacksmith |
| 16:45 | Crear | Villager (Male) |
| 16:54 | Investigar | Gillnets |
| 16:58 | Crear | Villager (Male) |
| 17:04 | Construir | Stable |
| 17:13 | Construir | Palisade Gate |
| 17:15 | Construir | House |
| 17:17 | Crear | Villager (Male) |
| 17:47 | Crear | Fire Galley |
| 17:48 | Crear | Fire Galley |
| 17:53 | Crear | Fire Galley |
| 17:53 | Crear | Fire Galley |
| 18:10 | Crear | Villager (Male) |
| 18:53 | Investigar | Castle Age |
| 19:08 | Crear | Demolition Raft |
| 19:15 | Crear | Fire Galley |
| 19:21 | Construir | Dock |
| 19:23 | Crear | Villager (Male) |
| 19:43 | Investigar | Bow Saw |
| 19:52 | Crear | Demolition Raft |
| 20:13 | Crear | Demolition Raft |
| 20:17 | Crear | Fire Galley |
| 20:29 | Investigar | Gold Shaft Mining |
| 20:38 | Crear | Demolition Raft |
| 20:39 | Crear | Villager (Male) |
| 20:51 | Construir | Stable |
| 20:53 | Investigar | Forging |
| 20:53 | Investigar | Forging |
| 21:32 | Crear | Fire Galley |
| 21:33 | Edad | Edad de los Castillos |
| 21:36 | Crear | Fire Galley |
| 21:44 | Investigar | War Galley (upgrade) |
| 22:07 | Crear | Unit 2626 |
| 22:07 | Crear | Unit 2626 |
| 22:14 | Construir | Town Center |
| 22:15 | Crear | Knight |
| 22:16 | Crear | Knight |
| 22:16 | Crear | Knight |
| 22:16 | Crear | Knight |
| 22:17 | Crear | Knight |
| 22:24 | Investigar | Stone Mining |
| 22:55 | Crear | Fire Galley |
| 22:55 | Crear | Fire Galley |
| 22:56 | Crear | Villager (Male) |
| 22:56 | Crear | Villager (Male) |
| 23:10 | Crear | Villager (Male) |
| 23:11 | Crear | Villager (Male) |
| 23:11 | Crear | Villager (Male) |
| 23:12 | Crear | Villager (Male) |
| 23:12 | Crear | Villager (Male) |
| 23:42 | Investigar | Cavalier (upgrade) |
| 23:53 | Construir | Farm |
| 23:53 | Construir | Farm |
| 23:54 | Construir | Farm |
| 23:54 | Construir | Farm |
| 23:54 | Construir | Farm |
| 23:54 | Construir | Farm |
| 24:04 | Crear | Demolition Raft |
| 24:34 | Construir | Farm |
| 24:34 | Construir | Farm |
| 24:35 | Construir | Farm |
| 24:35 | Construir | Farm |
| 24:35 | Construir | Farm |
| 25:03 | Crear | Demolition Raft |
| 25:05 | Crear | Fire Galley |
| 25:13 | Crear | Villager (Male) |
| 26:08 | Construir | Farm |
| 26:12 | Crear | Knight |
| 26:12 | Crear | Knight |
| 26:13 | Crear | Knight |
| 26:35 | Crear | Knight |
| 26:35 | Crear | Knight |
| 26:35 | Crear | Knight |
| 26:42 | Construir | Monastery |
| 26:54 | Crear | Villager (Male) |
| 26:54 | Crear | Villager (Male) |
| 27:15 | Crear | Knight |
| 27:16 | Crear | Knight |
| 27:24 | Construir | House |
Build order — [RZ]TEVOSS1234
Primeras 150 de 318 acciones detectadas
| 0:38 | Construir | Town Center |
| 2:30 | Construir | House |
| 2:50 | Crear | Villager (Male) |
| 2:50 | Crear | Villager (Male) |
| 2:51 | Crear | Villager (Male) |
| 2:51 | Crear | Villager (Male) |
| 2:51 | Crear | Villager (Male) |
| 2:51 | Crear | Villager (Male) |
| 3:00 | Construir | House |
| 3:16 | Investigar | Loom |
| 4:54 | Construir | Dock |
| 5:00 | Crear | Villager (Male) |
| 5:00 | Crear | Villager (Male) |
| 5:49 | Crear | Villager (Male) |
| 5:49 | Crear | Villager (Male) |
| 5:49 | Crear | Villager (Male) |
| 5:54 | Crear | Fishing Ship |
| 5:54 | Crear | Fishing Ship |
| 5:55 | Crear | Fishing Ship |
| 6:11 | Construir | House |
| 6:17 | Construir | House |
| 6:22 | Crear | Villager (Male) |
| 6:23 | Crear | Villager (Male) |
| 6:23 | Crear | Villager (Male) |
| 7:08 | Crear | Villager (Male) |
| 7:09 | Crear | Villager (Male) |
| 7:09 | Crear | Villager (Male) |
| 7:09 | Crear | Villager (Male) |
| 7:18 | Crear | Fishing Ship |
| 7:18 | Crear | Fishing Ship |
| 7:18 | Crear | Fishing Ship |
| 7:18 | Crear | Fishing Ship |
| 7:48 | Crear | Villager (Male) |
| 7:48 | Crear | Villager (Male) |
| 8:00 | Construir | Lumber Camp |
| 8:05 | Crear | Villager (Male) |
| 8:05 | Crear | Villager (Male) |
| 8:32 | Crear | Villager (Male) |
| 8:32 | Crear | Villager (Male) |
| 8:38 | Crear | Fishing Ship |
| 9:21 | Crear | Fishing Ship |
| 9:21 | Crear | Fishing Ship |
| 9:25 | Crear | Villager (Male) |
| 9:25 | Crear | Villager (Male) |
| 9:25 | Crear | Villager (Male) |
| 9:25 | Crear | Villager (Male) |
| 9:42 | Construir | Mill |
| 9:56 | Construir | House |
| 10:00 | Construir | House |
| 10:17 | Crear | Villager (Male) |
| 10:17 | Crear | Villager (Male) |
| 10:17 | Crear | Villager (Male) |
| 10:59 | Crear | Fishing Ship |
| 10:59 | Crear | Fishing Ship |
| 11:31 | Construir | Mining Camp |
| 11:38 | Crear | Villager (Male) |
| 11:53 | Construir | Dock |
| 12:17 | Crear | Fishing Ship |
| 12:17 | Crear | Fishing Ship |
| 12:28 | Crear | Villager (Male) |
| 12:28 | Crear | Villager (Male) |
| 12:49 | Construir | House |
| 12:49 | Construir | House |
| 13:17 | Investigar | Feudal Age |
| 13:38 | Crear | Fishing Ship |
| 13:54 | Construir | Palisade Wall |
| 13:59 | Construir | Palisade Gate |
| 14:31 | Construir | Palisade Wall |
| 14:34 | Construir | Palisade Gate |
| 14:47 | Construir | Palisade Wall |
| 14:51 | Construir | Palisade Gate |
| 14:56 | Crear | Villager (Male) |
| 14:57 | Crear | Villager (Male) |
| 14:57 | Crear | Villager (Male) |
| 14:57 | Crear | Villager (Male) |
| 14:57 | Crear | Villager (Male) |
| 15:20 | Edad | Edad Feudal |
| 15:27 | Investigar | Double-Bit Axe |
| 15:37 | Construir | Blacksmith |
| 16:00 | Construir | Mining Camp |
| 16:20 | Investigar | Wheelbarrow |
| 16:29 | Construir | Market |
| 16:39 | Crear | Fire Galley |
| 16:40 | Crear | Fire Galley |
| 17:14 | Construir | Palisade Wall |
| 17:24 | Construir | Palisade Gate |
| 17:31 | Construir | House |
| 17:32 | Construir | House |
| 17:32 | Construir | House |
| 17:32 | Construir | House |
| 17:32 | Construir | House |
| 17:32 | Construir | House |
| 17:48 | Crear | Fire Galley |
| 17:49 | Crear | Fire Galley |
| 17:49 | Crear | Fire Galley |
| 18:09 | Construir | Palisade Wall |
| 18:14 | Investigar | Castle Age |
| 18:25 | Construir | Stone Wall |
| 18:44 | Construir | Palisade Wall |
| 19:04 | Crear | Villager (Male) |
| 19:05 | Crear | Villager (Male) |
| 19:05 | Crear | Villager (Male) |
| 19:05 | Crear | Villager (Male) |
| 19:05 | Crear | Villager (Male) |
| 19:06 | Crear | Villager (Male) |
| 19:12 | Investigar | Gold Mining |
| 19:12 | Investigar | Stone Mining |
| 19:13 | Investigar | Stone Mining |
| 19:19 | Crear | Fire Galley |
| 19:19 | Crear | Fire Galley |
| 19:19 | Crear | Fire Galley |
| 19:20 | Crear | Fire Galley |
| 19:34 | Construir | Stone Wall |
| 19:37 | Construir | Gate |
| 19:58 | Investigar | Scale Barding Armor |
| 19:58 | Investigar | Forging |
| 20:10 | Construir | Barracks |
| 20:33 | Crear | Fire Galley |
| 20:33 | Crear | Fire Galley |
| 20:33 | Crear | Fire Galley |
| 20:33 | Crear | Fire Galley |
| 20:48 | Edad | Edad de los Castillos |
| 21:06 | Construir | Fish Trap |
| 21:06 | Construir | Fish Trap |
| 21:07 | Construir | Fish Trap |
| 21:37 | Investigar | War Galley (upgrade) |
| 21:44 | Crear | Villager (Male) |
| 21:44 | Crear | Villager (Male) |
| 21:45 | Crear | Villager (Male) |
| 21:45 | Crear | Villager (Male) |
| 21:45 | Crear | Villager (Male) |
| 21:45 | Crear | Villager (Male) |
| 21:57 | Construir | Stone Wall |
| 22:01 | Construir | Gate |
| 22:28 | Crear | Fire Galley |
| 22:28 | Crear | Fire Galley |
| 22:28 | Crear | Fire Galley |
| 22:29 | Crear | Fire Galley |
| 22:41 | Investigar | Squires |
| 22:41 | Investigar | Arson |
| 22:53 | Construir | Mill |
| 22:57 | Crear | Villager (Male) |
| 22:57 | Crear | Villager (Male) |
| 22:57 | Crear | Villager (Male) |
| 23:17 | Construir | Stable |
| 23:21 | Crear | Villager (Male) |
| 23:22 | Crear | Villager (Male) |
| 23:55 | Construir | Siege Workshop |
| 23:58 | Crear | Knight |
| 23:58 | Crear | Knight |
Build order — Raduky
Primeras 150 de 427 acciones detectadas
| 0:06 | Construir | Town Center |
| 1:34 | Construir | Dock |
| 1:39 | Construir | House |
| 2:31 | Crear | Villager (Male) |
| 2:31 | Crear | Villager (Male) |
| 2:31 | Crear | Villager (Male) |
| 2:34 | Crear | Villager (Male) |
| 2:35 | Crear | Villager (Male) |
| 3:28 | Crear | Fishing Ship |
| 3:29 | Crear | Fishing Ship |
| 4:15 | Investigar | Loom |
| 4:21 | Crear | Fishing Ship |
| 4:21 | Crear | Fishing Ship |
| 4:41 | Crear | Villager (Male) |
| 4:41 | Crear | Villager (Male) |
| 4:58 | Construir | House |
| 5:05 | Crear | Villager (Male) |
| 5:26 | Crear | Villager (Male) |
| 5:38 | Construir | House |
| 6:05 | Crear | Villager (Male) |
| 6:06 | Crear | Villager (Male) |
| 6:27 | Crear | Fishing Ship |
| 6:27 | Crear | Fishing Ship |
| 7:32 | Crear | Villager (Male) |
| 7:44 | Crear | Villager (Male) |
| 7:59 | Construir | Mining Camp |
| 8:06 | Construir | House |
| 8:09 | Crear | Villager (Male) |
| 8:39 | Crear | Villager (Male) |
| 9:06 | Construir | House |
| 9:19 | Crear | Villager (Male) |
| 9:25 | Crear | Villager (Male) |
| 9:29 | Investigar | Feudal Age |
| 10:25 | Construir | House |
| 10:47 | Construir | Dock |
| 11:00 | Crear | Villager (Male) |
| 11:00 | Crear | Villager (Male) |
| 11:08 | Construir | Lumber Camp |
| 11:30 | Construir | House |
| 11:54 | Edad | Edad Feudal |
| 11:59 | Crear | Galley |
| 11:59 | Crear | Galley |
| 11:59 | Crear | Galley |
| 12:15 | Investigar | Double-Bit Axe |
| 12:38 | Crear | Villager (Male) |
| 12:43 | Crear | Galley |
| 12:44 | Crear | Galley |
| 13:04 | Crear | Villager (Male) |
| 13:13 | Crear | Galley |
| 13:15 | Crear | Villager (Male) |
| 13:29 | Crear | Villager (Male) |
| 13:47 | Construir | Mill |
| 14:06 | Construir | Blacksmith |
| 14:16 | Crear | Villager (Male) |
| 14:25 | Crear | Villager (Male) |
| 14:46 | Crear | Fire Galley |
| 14:46 | Crear | Fire Galley |
| 14:46 | Crear | Fire Galley |
| 15:12 | Construir | Lumber Camp |
| 15:33 | Crear | Villager (Male) |
| 15:41 | Construir | House |
| 15:43 | Construir | House |
| 15:44 | Construir | House |
| 15:44 | Construir | House |
| 15:54 | Crear | Villager (Male) |
| 16:34 | Crear | Villager (Male) |
| 16:41 | Construir | Farm |
| 16:44 | Construir | Farm |
| 16:59 | Crear | Villager (Male) |
| 16:59 | Crear | Villager (Male) |
| 17:07 | Construir | Market |
| 17:15 | Crear | Fire Galley |
| 17:15 | Crear | Fire Galley |
| 17:37 | Crear | Villager (Male) |
| 17:42 | Crear | Villager (Male) |
| 17:45 | Construir | House |
| 17:46 | Construir | House |
| 17:48 | Construir | Farm |
| 17:53 | Construir | Farm |
| 18:20 | Construir | Farm |
| 18:25 | Construir | Farm |
| 18:29 | Investigar | Castle Age |
| 18:53 | Construir | House |
| 18:53 | Construir | House |
| 19:01 | Construir | Mill |
| 20:00 | Crear | Fishing Ship |
| 20:00 | Crear | Fishing Ship |
| 20:00 | Crear | Fishing Ship |
| 20:00 | Crear | Fishing Ship |
| 20:01 | Crear | Fishing Ship |
| 20:01 | Crear | Fishing Ship |
| 20:18 | Construir | Dock |
| 20:42 | Investigar | Horse Collar |
| 20:44 | Construir | House |
| 20:44 | Construir | House |
| 20:45 | Construir | House |
| 20:45 | Construir | House |
| 21:19 | Edad | Edad de los Castillos |
| 21:21 | Construir | Dock |
| 21:41 | Investigar | Fletching |
| 21:45 | Investigar | Tech 905 |
| 21:49 | Crear | Villager (Male) |
| 21:51 | Investigar | War Galley (upgrade) |
| 22:03 | Crear | Villager (Male) |
| 22:03 | Crear | Villager (Male) |
| 22:03 | Crear | Villager (Male) |
| 22:29 | Crear | Villager (Male) |
| 22:38 | Crear | Villager (Male) |
| 23:06 | Crear | Villager (Male) |
| 23:15 | Construir | Farm |
| 23:19 | Construir | Town Center |
| 23:35 | Crear | Villager (Male) |
| 23:50 | Crear | Fire Galley ×5 |
| 23:51 | Crear | Fire Galley ×5 |
| 24:20 | Construir | House |
| 24:21 | Construir | House |
| 24:22 | Investigar | Wheelbarrow |
| 24:26 | Crear | Villager (Male) |
| 24:26 | Crear | Villager (Male) |
| 24:34 | Construir | House |
| 24:35 | Construir | House |
| 24:37 | Construir | House |
| 24:55 | Crear | Villager (Male) |
| 25:13 | Crear | Villager (Male) |
| 25:18 | Construir | Mill |
| 26:04 | Crear | Villager (Male) |
| 26:04 | Crear | Villager (Male) |
| 26:05 | Crear | Villager (Male) |
| 26:15 | Construir | Town Center |
| 26:16 | Crear | Villager (Male) |
| 26:16 | Crear | Villager (Male) |
| 26:19 | Construir | Farm |
| 26:21 | Construir | Farm |
| 26:21 | Construir | Farm |
| 26:25 | Crear | Villager (Male) |
| 26:33 | Construir | Lumber Camp |
| 26:36 | Investigar | Bow Saw |
| 27:08 | Construir | Farm |
| 27:10 | Construir | Farm |
| 27:12 | Construir | Farm |
| 27:12 | Crear | Villager (Male) |
| 27:13 | Crear | Villager (Male) |
| 27:27 | Investigar | Heavy Plow |
| 27:44 | Crear | Villager (Male) |
| 27:44 | Crear | Villager (Male) |
| 27:45 | Investigar | Town Watch |
| 27:50 | Construir | Farm |
| 27:51 | Construir | Farm |
| 28:03 | Crear | Villager (Male) |
| 28:03 | Crear | Villager (Male) |
Build order — <Team Rocket> Heisenberg-88
Primeras 150 de 455 acciones detectadas
| 0:25 | Construir | Town Center |
| 2:21 | Construir | Dock |
| 2:53 | Crear | Villager (Male) |
| 2:53 | Crear | Villager (Male) |
| 2:54 | Crear | Villager (Male) |
| 2:54 | Crear | Villager (Male) |
| 2:54 | Crear | Villager (Male) |
| 2:54 | Crear | Villager (Male) |
| 2:57 | Investigar | Loom |
| 3:01 | Construir | House |
| 3:16 | Crear | Fishing Ship |
| 4:33 | Crear | Fishing Ship |
| 4:33 | Crear | Fishing Ship |
| 4:47 | Crear | Villager (Male) |
| 4:48 | Crear | Villager (Male) |
| 5:09 | Crear | Fishing Ship |
| 5:45 | Construir | House |
| 5:48 | Crear | Villager (Male) |
| 5:48 | Crear | Villager (Male) |
| 6:08 | Crear | Fishing Ship |
| 6:22 | Crear | Villager (Male) |
| 6:42 | Crear | Fishing Ship |
| 6:51 | Crear | Villager (Male) |
| 6:52 | Crear | Villager (Male) |
| 7:02 | Construir | House |
| 7:15 | Crear | Villager (Male) |
| 7:15 | Crear | Villager (Male) |
| 7:19 | Crear | Villager (Male) |
| 7:20 | Crear | Villager (Male) |
| 7:32 | Crear | Villager (Male) |
| 7:33 | Crear | Villager (Male) |
| 7:39 | Crear | Fishing Ship |
| 7:39 | Crear | Fishing Ship |
| 7:50 | Construir | House |
| 8:13 | Crear | Villager (Male) |
| 8:13 | Crear | Villager (Male) |
| 8:35 | Crear | Fishing Ship |
| 8:45 | Crear | Villager (Male) |
| 8:46 | Crear | Villager (Male) |
| 8:47 | Crear | Villager (Male) |
| 8:47 | Crear | Villager (Male) |
| 8:47 | Crear | Villager (Male) |
| 9:08 | Construir | House |
| 9:15 | Crear | Villager (Male) |
| 9:17 | Crear | Fishing Ship |
| 10:04 | Construir | Dock |
| 10:27 | Crear | Villager (Male) |
| 10:36 | Construir | Lumber Camp |
| 10:56 | Investigar | Feudal Age |
| 11:04 | Crear | Fishing Ship |
| 11:27 | Crear | Villager (Male) |
| 11:27 | Crear | Villager (Male) |
| 11:27 | Crear | Villager (Male) |
| 11:36 | Construir | Mining Camp |
| 11:43 | Crear | Fishing Ship |
| 11:55 | Construir | House |
| 12:00 | Crear | Villager (Male) |
| 12:00 | Crear | Villager (Male) |
| 12:13 | Crear | Fishing Ship |
| 12:22 | Construir | House |
| 12:50 | Crear | Villager (Male) |
| 12:59 | Edad | Edad Feudal |
| 13:03 | Investigar | Double-Bit Axe |
| 13:11 | Construir | Palisade Gate |
| 13:14 | Construir | Palisade Wall |
| 13:19 | Construir | Palisade Wall |
| 13:29 | Crear | Galley |
| 13:29 | Crear | Galley |
| 13:32 | Crear | Galley |
| 13:33 | Crear | Villager (Male) |
| 13:46 | Construir | House |
| 13:50 | Construir | Palisade Wall |
| 13:52 | Construir | Palisade Wall |
| 14:07 | Crear | Villager (Male) |
| 14:38 | Construir | Blacksmith |
| 14:41 | Construir | Palisade Gate |
| 14:57 | Construir | Mill |
| 15:39 | Construir | Market |
| 15:47 | Crear | Villager (Male) |
| 15:48 | Crear | Villager (Male) |
| 15:52 | Construir | Palisade Wall |
| 16:00 | Crear | Fishing Ship |
| 16:01 | Crear | Fishing Ship |
| 16:17 | Construir | Palisade Wall |
| 16:28 | Investigar | Town Watch |
| 16:44 | Investigar | Castle Age |
| 17:03 | Construir | Barracks |
| 17:11 | Investigar | Gold Mining |
| 17:17 | Construir | Farm |
| 17:19 | Construir | Farm |
| 17:24 | Crear | Villager (Male) |
| 17:25 | Crear | Villager (Male) |
| 18:05 | Crear | Spearman |
| 18:08 | Crear | Spearman |
| 18:46 | Crear | Villager (Male) |
| 19:10 | Edad | Edad de los Castillos |
| 19:10 | Construir | Dock |
| 19:18 | Construir | Town Center |
| 19:34 | Construir | Town Center |
| 19:49 | Investigar | Wheelbarrow |
| 20:05 | Construir | Stable |
| 20:11 | Investigar | Forging |
| 20:21 | Crear | Villager (Male) |
| 20:23 | Construir | Farm |
| 20:25 | Investigar | Horse Collar |
| 20:26 | Crear | Villager (Male) |
| 20:42 | Crear | Fishing Ship |
| 20:42 | Crear | Fishing Ship |
| 20:45 | Crear | Knight |
| 20:57 | Construir | Stable |
| 21:01 | Crear | Villager (Male) |
| 21:01 | Crear | Villager (Male) |
| 21:04 | Crear | Villager (Male) |
| 21:05 | Crear | Villager (Male) |
| 21:08 | Crear | Knight |
| 21:20 | Construir | Farm |
| 21:22 | Crear | Villager (Male) |
| 21:38 | Crear | Knight |
| 21:51 | Crear | Knight |
| 21:56 | Crear | Villager (Male) |
| 22:00 | Construir | Farm |
| 22:03 | Construir | Farm |
| 22:08 | Crear | Knight |
| 22:19 | Investigar | Scale Barding Armor |
| 22:36 | Crear | Knight |
| 22:40 | Construir | Lumber Camp |
| 22:44 | Crear | Villager (Male) |
| 23:03 | Investigar | Bloodlines |
| 23:10 | Construir | Stable |
| 23:14 | Crear | Knight |
| 23:14 | Crear | Knight |
| 23:21 | Crear | Villager (Male) |
| 23:21 | Crear | Villager (Male) |
| 23:25 | Construir | House |
| 23:26 | Construir | House |
| 23:26 | Construir | House |
| 23:37 | Crear | Knight |
| 23:37 | Crear | Knight |
| 23:38 | Crear | Knight |
| 24:15 | Crear | Knight |
| 24:15 | Crear | Knight |
| 24:15 | Crear | Knight |
| 24:15 | Crear | Knight |
| 24:18 | Crear | Villager (Male) |
| 24:19 | Crear | Villager (Male) |
| 24:19 | Crear | Villager (Male) |
| 24:19 | Crear | Villager (Male) |
| 24:27 | Crear | Knight |
| 24:28 | Crear | Knight |
| 24:33 | Construir | Stable |
Build order — [Rz] TK_puxa
Primeras 150 de 547 acciones detectadas
| 0:27 | Construir | Dock |
| 0:38 | Construir | Town Center |
| 1:22 | Construir | Palisade Wall |
| 1:27 | Construir | Palisade Wall |
| 2:38 | Construir | House |
| 3:17 | Crear | Villager (Male) |
| 3:18 | Crear | Villager (Male) |
| 3:18 | Crear | Villager (Male) |
| 3:18 | Crear | Villager (Male) |
| 3:18 | Crear | Villager (Male) |
| 4:08 | Crear | Fishing Ship |
| 4:08 | Crear | Fishing Ship |
| 4:12 | Investigar | Loom |
| 4:23 | Crear | Villager (Male) |
| 4:23 | Crear | Villager (Male) |
| 4:58 | Crear | Fishing Ship |
| 4:58 | Crear | Fishing Ship |
| 5:10 | Construir | Palisade Wall |
| 5:43 | Crear | Fishing Ship |
| 5:43 | Crear | Fishing Ship |
| 5:53 | Construir | House |
| 6:17 | Construir | House |
| 6:22 | Crear | Villager (Male) |
| 6:22 | Crear | Villager (Male) |
| 6:43 | Crear | Villager (Male) |
| 6:43 | Crear | Villager (Male) |
| 6:59 | Crear | Villager (Male) |
| 6:59 | Crear | Villager (Male) |
| 7:18 | Crear | Villager (Male) |
| 7:18 | Crear | Villager (Male) |
| 7:31 | Crear | Villager (Male) |
| 7:31 | Crear | Villager (Male) |
| 7:31 | Crear | Villager (Male) |
| 8:10 | Crear | Villager (Male) |
| 8:10 | Crear | Villager (Male) |
| 8:11 | Crear | Villager (Male) |
| 8:11 | Crear | Villager (Male) |
| 8:13 | Construir | House |
| 8:49 | Crear | Villager (Male) |
| 8:49 | Crear | Villager (Male) |
| 9:16 | Crear | Fishing Ship |
| 9:17 | Crear | Fishing Ship |
| 9:22 | Construir | House |
| 9:54 | Crear | Villager (Male) |
| 9:54 | Crear | Villager (Male) |
| 10:10 | Construir | Lumber Camp |
| 10:38 | Construir | House |
| 10:41 | Crear | Villager (Male) |
| 11:17 | Crear | Villager (Male) |
| 11:48 | Investigar | Feudal Age |
| 11:48 | Investigar | Feudal Age |
| 11:48 | Investigar | Feudal Age |
| 12:34 | Construir | Barracks |
| 12:39 | Construir | Palisade Wall |
| 12:56 | Construir | House |
| 13:42 | Construir | Palisade Wall |
| 13:51 | Crear | Villager (Male) |
| 13:51 | Crear | Villager (Male) |
| 13:58 | Edad | Edad Feudal |
| 14:05 | Construir | House |
| 14:14 | Construir | Blacksmith |
| 14:16 | Construir | Barracks |
| 14:36 | Crear | Fishing Ship |
| 14:36 | Crear | Fishing Ship |
| 14:47 | Crear | Villager (Male) |
| 14:47 | Crear | Villager (Male) |
| 14:49 | Investigar | Double-Bit Axe |
| 15:04 | Construir | Palisade Wall |
| 15:37 | Crear | Fishing Ship |
| 15:45 | Construir | Palisade Gate |
| 15:56 | Crear | Villager (Male) |
| 15:56 | Crear | Villager (Male) |
| 16:28 | Construir | Archery Range |
| 16:46 | Construir | House |
| 17:22 | Construir | Mining Camp |
| 17:30 | Construir | Mining Camp |
| 17:31 | Investigar | Castle Age |
| 17:32 | Investigar | Castle Age |
| 17:42 | Construir | House |
| 18:06 | Construir | Outpost |
| 18:11 | Construir | Mill |
| 18:20 | Investigar | Gold Mining |
| 18:27 | Crear | Archer |
| 18:28 | Crear | Archer |
| 18:28 | Crear | Archer |
| 18:48 | Construir | Outpost |
| 19:00 | Crear | Fishing Ship |
| 19:01 | Crear | Fishing Ship |
| 19:21 | Investigar | Fletching |
| 19:23 | Crear | Villager (Male) |
| 19:24 | Crear | Villager (Male) |
| 19:24 | Crear | Villager (Male) |
| 19:33 | Construir | Outpost |
| 19:35 | Construir | Outpost |
| 19:37 | Construir | Outpost |
| 19:47 | Crear | Fishing Ship |
| 20:07 | Construir | House |
| 20:11 | Edad | Edad de los Castillos |
| 20:20 | Crear | Villager (Male) |
| 20:21 | Crear | Villager (Male) |
| 20:38 | Construir | Market |
| 20:42 | Construir | Farm |
| 20:56 | Crear | Villager (Male) |
| 20:56 | Crear | Villager (Male) |
| 21:00 | Crear | Villager (Male) |
| 21:01 | Crear | Villager (Male) |
| 21:04 | Construir | Farm |
| 21:32 | Construir | Farm |
| 21:51 | Construir | Castle |
| 21:54 | Crear | Villager (Male) |
| 21:54 | Crear | Villager (Male) |
| 21:54 | Crear | Villager (Male) |
| 21:58 | Construir | Farm |
| 22:10 | Construir | Farm |
| 22:22 | Investigar | Tech 906 |
| 22:24 | Crear | Fishing Ship |
| 22:25 | Crear | Fishing Ship |
| 22:30 | Construir | Farm |
| 22:32 | Crear | Villager (Male) |
| 22:33 | Crear | Villager (Male) |
| 22:46 | Construir | Outpost |
| 22:48 | Construir | Outpost |
| 22:50 | Construir | Outpost |
| 22:51 | Crear | Villager (Male) |
| 22:52 | Crear | Villager (Male) |
| 22:52 | Crear | Villager (Male) |
| 22:52 | Crear | Villager (Male) |
| 22:59 | Construir | House |
| 23:07 | Investigar | Bow Saw |
| 23:08 | Investigar | Bow Saw |
| 23:42 | Investigar | Squires |
| 23:52 | Construir | Farm |
| 23:52 | Construir | Farm |
| 23:59 | Investigar | Horse Collar |
| 23:59 | Investigar | Horse Collar |
| 24:36 | Investigar | Gillnets |
| 24:37 | Crear | Fishing Ship |
| 24:37 | Crear | Fishing Ship |
| 24:42 | Crear | Villager (Male) |
| 24:42 | Crear | Villager (Male) |
| 25:11 | Crear | Villager (Male) |
| 25:11 | Crear | Villager (Male) |
| 25:12 | Crear | Villager (Male) |
| 25:21 | Construir | Outpost |
| 25:31 | Investigar | Heavy Plow |
| 25:31 | Investigar | Heavy Plow |
| 25:52 | Crear | Eagle Scout |
| 25:52 | Crear | Eagle Scout |
| 25:56 | Investigar | Eagle Warrior (upgrade) |
| 26:01 | Crear | Eagle Scout |
Cronología de la partida
| 0:27 | [Rz] TK_puxa · first_building Dock |
| 0:49 | lestear · first_building Dock |
| 1:22 | [Rz] TK_puxa · wall_segment Palisade Wall x1 |
| 1:27 | [Rz] TK_puxa · wall_segment Palisade Wall x1 |
| 1:34 | Raduky · first_building Dock |
| 2:21 | <Team Rocket> Heisenberg-88 · first_building Dock |
| 3:08 | <Team Rocket> Marci · first_building Dock |
| 4:54 | [RZ]TEVOSS1234 · first_building Dock |
| 5:10 | [Rz] TK_puxa · wall_segment Palisade Wall x1 |
| 11:54 | Raduky · age_up feudal |
| 12:34 | [Rz] TK_puxa · first_building Barracks |
| 12:39 | [Rz] TK_puxa · wall_segment Palisade Wall x9 |
| 12:56 | lestear · wall_segment Palisade Wall x6 |
| 12:59 | <Team Rocket> Heisenberg-88 · age_up feudal |
| 13:14 | <Team Rocket> Heisenberg-88 · wall_segment Palisade Wall x1 |
| 13:19 | <Team Rocket> Heisenberg-88 · wall_segment Palisade Wall x3 |
| 13:42 | [Rz] TK_puxa · wall_segment Palisade Wall x3 |
| 13:50 | <Team Rocket> Heisenberg-88 · wall_segment Palisade Wall x3 |
| 13:52 | <Team Rocket> Heisenberg-88 · wall_segment Palisade Wall x1 |
| 13:54 | [RZ]TEVOSS1234 · wall_segment Palisade Wall x11 |
| 13:56 | <Team Rocket> Marci · first_building Barracks |
| 13:58 | [Rz] TK_puxa · age_up feudal |
| 14:31 | [RZ]TEVOSS1234 · wall_segment Palisade Wall x10 |
| 14:47 | [RZ]TEVOSS1234 · wall_segment Palisade Wall x11 |
| 15:04 | [Rz] TK_puxa · wall_segment Palisade Wall x1 |
| 15:20 | [RZ]TEVOSS1234 · age_up feudal |
| 15:27 | lestear · wall_segment Palisade Wall x4 |
| 15:52 | <Team Rocket> Heisenberg-88 · wall_segment Palisade Wall x3 |
| 15:56 | lestear · first_building Barracks |
| 16:14 | <Team Rocket> Marci · age_up feudal |
| 16:17 | <Team Rocket> Heisenberg-88 · wall_segment Palisade Wall x2 |
| 16:21 | <Team Rocket> Marci · first_building Archery Range |
| 16:24 | lestear · wall_segment Palisade Wall x1 |
| 16:28 | [Rz] TK_puxa · first_building Archery Range |
| 16:28 | lestear · age_up feudal |
| 17:03 | <Team Rocket> Heisenberg-88 · first_building Barracks |
| 17:04 | lestear · first_building Stable |
| 17:14 | [RZ]TEVOSS1234 · wall_segment Palisade Wall x16 |
| 18:09 | [RZ]TEVOSS1234 · wall_segment Palisade Wall x1 |
| 18:25 | [RZ]TEVOSS1234 · wall_segment Stone Wall x10 |
| 18:44 | [RZ]TEVOSS1234 · wall_segment Palisade Wall x22 |
| 19:10 | <Team Rocket> Heisenberg-88 · age_up castle |
| 19:24 | <Team Rocket> Heisenberg-88 · first_market_buy 100 wood |
| 19:34 | [RZ]TEVOSS1234 · wall_segment Stone Wall x15 |
| 20:01 | <Team Rocket> Heisenberg-88 · first_market_sell 100 food |
| 20:05 | <Team Rocket> Heisenberg-88 · first_building Stable |
| 20:06 | <Team Rocket> Marci · age_up castle |
| 20:10 | [RZ]TEVOSS1234 · first_building Barracks |
| 20:11 | [Rz] TK_puxa · age_up castle |
| 20:18 | <Team Rocket> Marci · first_building Siege Workshop |
| 20:48 | [RZ]TEVOSS1234 · age_up castle |
| 21:19 | Raduky · age_up castle |
| 21:33 | lestear · age_up castle |
| 21:51 | [Rz] TK_puxa · first_building Castle |
| 21:57 | [RZ]TEVOSS1234 · wall_segment Stone Wall x39 |
| 22:20 | [Rz] TK_puxa · first_market_buy 100 food |
| 23:17 | [RZ]TEVOSS1234 · first_building Stable |
| 23:55 | [RZ]TEVOSS1234 · first_building Siege Workshop |
| 24:39 | <Team Rocket> Marci · first_building Stable |
| 25:06 | [RZ]TEVOSS1234 · first_building Castle |
| 26:31 | Raduky · first_market_buy 100 wood |
| 26:42 | lestear · first_building Monastery |
| 27:46 | lestear · first_building Castle |
| 28:34 | Raduky · first_market_sell 500 wood |
| 28:44 | Raduky · first_building Castle |
| 28:49 | Raduky · wall_segment Stone Wall x1 |
| 30:17 | lestear · first_building Siege Workshop |
| 30:32 | Raduky · first_building Siege Workshop |
| 30:55 | <Team Rocket> Heisenberg-88 · wall_segment Stone Wall x13 |
| 31:08 | <Team Rocket> Heisenberg-88 · wall_segment Stone Wall x11 |
| 32:49 | Raduky · wall_segment Stone Wall x5 |
| 33:11 | <Team Rocket> Heisenberg-88 · first_building Castle |
| 35:19 | [RZ]TEVOSS1234 · wall_segment Stone Wall x1 |
| 36:04 | <Team Rocket> Heisenberg-88 · wall_segment Stone Wall x11 |
| 36:27 | <Team Rocket> Heisenberg-88 · wall_segment Stone Wall x17 |
| 39:00 | [RZ]TEVOSS1234 · first_building Monastery |
| 39:18 | <Team Rocket> Heisenberg-88 · wall_segment Stone Wall x12 |
| 39:40 | Raduky · first_building Barracks |
| 40:47 | <Team Rocket> Heisenberg-88 · wall_segment Stone Wall x12 |
| 41:35 | Raduky · wall_segment Stone Wall x1 |
| 41:44 | Raduky · wall_segment Stone Wall x1 |
| 43:14 | <Team Rocket> Heisenberg-88 · age_up imperial |
| 43:19 | [Rz] TK_puxa · first_market_sell 100 wood |
| 44:12 | <Team Rocket> Heisenberg-88 · wall_segment Stone Wall x6 |
| 44:27 | [Rz] TK_puxa · wall_segment Stone Wall x1 |
| 44:35 | <Team Rocket> Marci · first_building Castle |
| 44:41 | Raduky · first_building Stable |
| 46:18 | <Team Rocket> Heisenberg-88 · first_building Archery Range |
| 46:37 | <Team Rocket> Heisenberg-88 · first_building Monastery |
| 47:01 | Raduky · age_up imperial |
| 48:00 | Raduky · resign |
[ ANÁLISIS IA · 1 CRÉDITO ]
¿Qué pasó realmente en esta partida?
Wolo.gg analiza cada decisión: build order, eco, micro, errores típicos por bracket. Análisis personalizado por WhatsApp o Discord en 30 segundos.
Guía civ
Drávidas
Guía mapa
Nomad
Perfil
<Team Rocket> Marci